 Dungeon Crawl Stone Soup version 0.27-a0-901-g8736458e1e (webtiles) character file.

Game seed: 7833372978061366136

347 HELP the Sneak (level 6, -5/36 HPs)
             Began as an Octopode Hedge Wizard on Apr 6, 2021.
             Slain by a black bear (12 damage)
             ... on level 4 of the Dungeon.
             The game lasted 00:17:15 (3424 turns).

HELP the Sneak (Octopode Hedge Wizard)              Turns: 3424, Time: 00:17:16

Health: -5/36      AC:  1    Str:  9    XL:     6   Next: 59%
Magic:  0/11       EV: 13    Int: 18    God:
Gold:   128        SH:  0    Dex: 12    Spells: 3/11 levels left

rFire    + . .     SeeInvis .   a - +1 dagger (drain)
rCold    . . .     Faith    .   (no shield)
rNeg     . . .     Spirit   .   b - +0 hat
rPois    .         Reflect  .   (no amulet)
rElec    .         Harm     .   k - ring of protection from fire
rCorr    .         Rampage  .   (no ring)
Will     .....                  (no ring)
Stlth    ++++......             (no ring)
HPRegen  0.12/turn              (no ring)
MPRegen  0.12/turn              (no ring)
                                (no ring)
                                (no ring)

@: very slightly contaminated
A: almost no armour, amphibious, 8 rings, camouflage 1, gelatinous body 1,
(nimble swimmer 1), tentacles
a: no special abilities


You were on level 4 of the Dungeon.
You visited 1 branch of the dungeon, and saw 4 of its levels.

You collected 140 gold pieces.
You spent 12 gold pieces at shops.

Inventory:

Hand Weapons
 a - a +1 dagger of draining (weapon)
Missiles
 c - 4 javelins
 l - 2 boomerangs
 q - 11 poisoned darts
Armour
 b - a +0 hat (worn)
Jewellery
 k - a ring of protection from fire (left tentacle)
Scrolls
 d - a scroll of fear
 f - a scroll of identify
 n - a scroll of immolation
Potions
 e - a potion of invisibility {unknown}
 g - a potion of flight {unknown}
 h - 2 potions of brilliance {unknown}
 i - a potion of heal wounds {unknown}
 j - 2 potions of experience {unknown}
 m - 2 potions of curing {unknown}
 p - a potion of cancellation {unknown}


   Skills:
 - Level 2.0 Dodging
 + Level 5.3 Stealth
 - Level 3.3 Spellcasting
 - Level 2.6 Conjurations
 - Level 3.0 Summonings
 - Level 1.0 Translocations
 - Level 0.1 Air Magic
 * Level 3.9 Poison Magic


You had 3 spell levels left.
You knew the following spells:

 Your Spells              Type           Power      Damage    Failure   Level
a - Magic Dart            Conj           48%        1d5       5%          1
b - Blink                 Tloc           N/A        N/A       16%         2
q - Mephitic Cloud        Conj/Pois/Air  11%        N/A       19%         3
s - Call Imp              Summ           13%        N/A       7%          2

Your spell library contained the following spells:

 Spells                   Type           Power      Damage    Failure   Level
 Slow                     Hex            3%         N/A       24%         2
 Conjure Flame            Conj/Fire      7%         6-21      26%         3


Dungeon Overview and Level Annotations

Branches:
Dungeon (4/15)
 Temple: D:4-7

Altars:
Yredelemnul

Shops:
D:1 [   D:2 *


Innate Abilities, Weirdness & Mutations

You cannot wear most types of armour.
You are amphibious.
You can wear up to eight rings at the same time.
Your skin changes colour to match your surroundings (Stealth+).
Your rubbery body absorbs attacks. (AC +1, EV +1)
((You are camouflaged near water. (Stealth+)))
You have tentacles for arms and can constrict up to eight enemies at once.


Message History

The black bear claws you.
* * * LOW HITPOINT WARNING * * *
The black bear claws you.
* * * LOW HITPOINT WARNING * * *
Your crimson imp hits the black bear.
You release your grip on the black bear.
The black bear goes berserk!
Your crimson imp blinks!
Casting: Call Imp (safe; 7% risk of failure)
Confirm with . or Enter, or press ? or * to list all spells.
Okay, then.
Casting: Call Imp (safe; 7% risk of failure)
Confirm with . or Enter, or press ? or * to list all spells.
A beastly little devil appears in a puff of flame.
An orc comes into view. It is wielding a +0 club.
The black bear closely misses your crimson imp.
The black bear barely misses your crimson imp.
The black bear claws your crimson imp.
Your crimson imp blinks!
The orc hits your crimson imp but does no damage.
Casting: Call Imp (safe; 7% risk of failure)
Confirm with . or Enter, or press ? or * to list all spells.
A beastly little devil appears in a puff of flame.
The black bear barely misses your crimson imp.
The black bear closely misses your crimson imp.
The black bear claws your crimson imp. The black bear bites your crimson imp.
The black bear claws your crimson imp!
Your crimson imp dies!
The orc misses your crimson imp.
You swap places.
Your crimson imp blinks!
Casting: Call Imp (safe; 7% risk of failure)
Confirm with . or Enter, or press ? or * to list all spells.
A beastly little devil appears in a puff of flame.
Your crimson imp blinks!
The black bear misses you. The black bear barely misses you. x2
The orc barely misses your crimson imp.
Your crimson imp blinks!
The black bear bites you!
You die...

*###.###..##..##....
*....##...#..#.....
###.(..............
****#####...........###....
*,,,.o......##......# **###
*,****#...$###......#* *,*
**#.......#....# *,*
#..####.###..#***** *,*
###.@#**###*##...,,,,
**,****#5oh.+,,,*∩*,*....,,,
**#..o.5..#.§#**+*+*+*....,,,
******#########..#,+,,,+,*,,##***
,,,,,,*** **...#**,,,***,,*
*****,** *....#,+,,,+,*,,* * *,*
#..5.#**+*+***,,***** * *,*
#....#,+,*,+,*,,,,,,, * *,*
#....#********,,,,,,,


You could see a black bear (berserk, drained, ally target), 2 orcs and 3
friendly crimson imps.

Vanquished Creatures
  A water moccasin (D:3)
  Natasha (twice) (D:2)
  3 adders
  2 worms (D:2)
  3 dart slugs
  6 bats
  An endoplasm (D:2)
  5 giant cockroaches
  8 goblins
  8 hobgoblins
  3 jackals (D:1)
  4 quokkas
  3 ball pythons (D:2)
  6 frilled lizards
  5 kobolds
  A kobold skeleton (D:3)
  6 rats
67 creatures vanquished.

Vanquished Creatures (collateral kills)
  A human (D:3)
  An iguana (D:3)
  A dart slug (D:3)
  A goblin skeleton (D:3)
  A rat (D:3)
5 creatures vanquished.

Grand Total: 72 creatures vanquished

Notes
Turn   | Place    | Note
-------+----------+-------------------------------------------
     0 | D:1      | HELP the Octopode Hedge Wizard began the quest for the Orb.
     0 | D:1      | Reached XP level 1. HP: 11/11 MP: 4/4
   329 | D:1      | Reached skill level 3 in Stealth
   333 | D:1      | Reached XP level 2. HP: 13/17 MP: 4/6
   806 | D:1      | You fall into a shaft and drop 1 floor!
   807 | D:2      | Noticed Natasha
   808 | D:2      | Killed Natasha
   809 | D:2      | Reached XP level 3. HP: 21/21 MP: 7/7
   826 | D:2      | Learned a level 3 spell: Mephitic Cloud
   917 | D:1      | Found Fosezey's Antique Armour Shop.
  1107 | D:1      | Reached XP level 4. HP: 27/27 MP: 9/9
  1110 | D:1      | Learned a level 2 spell: Blink
  1113 | D:1      | Learned a level 2 spell: Call Imp
  1349 | D:2      | Found Hiliegg's General Store.
  1366 | D:2      | Bought a potion of degeneration for 12 gold pieces
  1751 | D:2      | Noticed Natasha
  1764 | D:2      | Killed Natasha
  1765 | D:2      | Reached skill level 4 in Stealth
  2404 | D:2      | Reached XP level 5. HP: 22/31 MP: 10/10
  2554 | D:2      | Reached skill level 1 in Poison Magic
  2793 | D:3      | Found a runed translucent door.
  2793 | D:3      | Noticed a human
  2804 | D:3      | Found a basalt altar of Yredelemnul.
  2835 | D:3      | Killed a human
  2836 | D:3      | Reached XP level 6. HP: 36/36 MP: 4/11
  3117 | D:3      | Noticed a water moccasin
  3126 | D:3      | Killed a water moccasin
  3127 | D:3      | Reached skill level 5 in Stealth
  3408 | D:4      | Noticed a black bear
  3424 | D:4      | Slain by a black bear

Illustrated notes

Levels and vault maps discovered:
D:1:      ncdulo_lavacross, layout_loops_cross, serial_shops,
          nicolae_shop_overgrown_old_shop, serial_park_tiny_1, minivault_24,
          minmay_worlds_worst_comb
D:2:      minmay_diamond_boxcup, layout_loops_corners, serial_shops,
          nicolae_shop_statue_plus, palyth_stone_intersect, minmay_quantized,
          uniq_natasha
D:3:      layout_basic, dk_yredelemnul_ordeal
D:4:      layout_cave_pools, chequers_temple_overflow_statue_of_worship,
          serial_shops, nicolae_shop_statue_plus, serial_co_window_serial,
          co_window_of_opportunity_a, co_window_paths_b, co_window_paths_b,
          co_window_paths_a, co_window_paths_b, co_window_2corner,
          co_window_unsneaky_path_b, co_window_corner_cb, co_window_corner_ca,
          co_window_broadway_a, co_window_corner_ca, co_window_paths_c,
          biasface_ghost_orc_armoury, nicolae_ossuary_entry_catacombs

Skill      XL: |  1  2  3  4  5  6 |
---------------+-------------------+-----
Stealth        | 3 4 5 |  5.3
Conjurations   | 2 |  2.6
Summonings     | 2 3 |  3.0
Poison Magic   | 2 3 |  3.9
Dodging        | |  2.0
Spellcasting   | |  3.3
Translocations | |  1.0
Air Magic      | |  0.1

Action                   |  1- 3 |  4- 6 || total
-------------------------+-------+-------++-------
Melee: Dagger            |    58 |    69 ||   127
       Constrict         |    18 |    14 ||    32
       Tentacles         |    13 |     5 ||    18
 Cast: Magic Dart        |    24 |    14 ||    38
       Call Imp          |       |    10 ||    10
  Use: Scroll            |       |     3 ||     3
 Stab: Sleeping          |     3 |    21 ||    24
Armor: Skin              |     5 |       ||     5
Dodge: Dodged            |    45 |    35 ||    80

Table legend: (Time is in decaauts)
 A = Elapsed time spent in this place.
 B = Non-inter-level travel time spent in this place.
 C = Inter-level travel time spent in this place.
 D = Time resting spent in this place.
 E = Time spent auto-exploring this place.
 F = Levels seen in this place.
 G = Mean time per level.
                   A        B        C        D        E       F      G
               +--------+--------+--------+--------+--------+-----+--------+
         Total |   3425 |   3321 |    104 |    268 |   2408 |   4 |  856.2 |
       Dungeon |   3425 |   3321 |    104 |    268 |   2408 |   4 |  856.2 |
               +--------+--------+--------+--------+--------+-----+--------+

Top non-repeatable levels by time:
     D:2: 1478 daAuts
     D:1: 1251 daAuts
     D:3: 662 daAuts
     D:4: 32 daAuts
